 Dungeon Crawl Stone Soup version 0.18-a0-596-g6468885 (webtiles) character file.

499 4thArraOfDagon the Sneak (level 7, 0/66 HPs)
             Began as a Naga Assassin on Dec 3, 2015.
             Was a Follower of Pakellas.
             Splashed by a jelly's acid (9 damage)
             ... on level 6 of the Dungeon.
             The game lasted 00:09:17 (1698 turns).

4thArraOfDagon the Sneak (Naga Assassin)            Turns: 1698, Time: 00:09:17

Health: 0/66       AC: -8    Str: 13    XL:     7   Next: 16%
Magic:  9/9        EV:  8    Int: 14    God:    Pakellas [*.....]
Gold:   85         SH:  0    Dex: 12    Spells: 0 memorised, 6 levels left

rFire  . . .     SeeInvis +     a - +2 dagger
rCold  . . .     Clarity  .     m - +0 scale mail
rNeg   . . .     SustAt   .     (no shield)
rPois  +         Gourm    .     i - +0 helmet
rElec  .         Spirit   .     d - +0 cloak
rCorr  .         Dismiss  .     (no gloves)
rMut   .         Stasis   .     (no barding)
MR     .....                    (no amulet)
Stlth  ..........               (no ring)
                                (no ring)

@: confused, corroded equipment, very slightly contaminated, hasted, quick, not
resistant to hostile enchantments, extremely unstealthy
A: see invisible, deformed body, poison resistance, slowness 2, slow metabolism
1, spit poison 2, AC +2
a: Spit Poison, Quick Charge, Renounce Religion


You were on level 6 of the Dungeon.
You worshipped Pakellas.
Pakellas was aware of your devotion.
You were not hungry.

You visited 1 branch of the dungeon, and saw 6 of its levels.

You collected 146 gold pieces.
You spent 61 gold pieces at shops.

Inventory:

Hand Weapons
 a - a +2 dagger (weapon)
 b - a +0 blowgun
Missiles
 e - 8 poisoned needles
 f - a curare-tipped needle
Armour
 d - a +0 cloak (worn)
 i - a +0 helmet (worn)
 m - a +0 scale mail (worn)
Magical Staves
 w - an uncursed staff of wizardry {unknown}
 y - an uncursed staff of power {unknown}
Wands
 q - a wand of hasting (4)
Scrolls
 l - a scroll of random uselessness {unknown}
 s - a scroll of enchant armour {unknown}
 u - a scroll of recharging {unknown}
 x - a scroll of remove curse
 A - a scroll of noise {unknown}
Potions
 h - a potion of ambrosia
 k - a potion of berserk rage {unknown}
 n - a potion of brilliance
 o - 2 potions of heal wounds {unknown}
 r - a potion of cancellation {unknown}
 v - 2 potions of agility {unknown}
Books
 p - Jessica's Tome of Boosts
   (You found it on level 3 of the Dungeon)

   Spells                             Type                      Level
   a - Infusion                       Charms                       1
Comestibles
 c - a slice of pizza
 g - 4 bread rations
 j - 4 meat rations
 t - 6 chunks of flesh
 z - a royal jelly


   Skills:
 + Level 4.7 Fighting
 - Level 2.0 Short Blades
 - Level 1.7 Throwing
 + Level 3.5 Dodging
 - Level 5.8 Stealth
 + Level 3.6 Evocations


You had 6 spell levels left.
You didn't know any spells.

Dungeon Overview and Level Annotations

Branches:
Dungeon (6/15)             Temple (0/1) D:4

Altars:
Kikubaaqudgha
Okawaru
Pakellas
Sif Muna
Yredelemnul

Shops:
D:6 *[[


Innate Abilities, Weirdness & Mutations

You cannot wear boots.
Your serpentine skin is tough (AC +2).
You have supernaturally acute eyesight.
Armour fits poorly on your strangely shaped body.
Your system is resistant to poisons.
You cover ground very slowly.
You have a slow metabolism.
You can spit poison.


Message History

* * * LOW HITPOINT WARNING * * *
You are splashed with acid!
The acid corrodes you!
The acid burns!
* * * LOW HITPOINT WARNING * * *
There is an open door here.
Unknown command.
Unknown command.
You're too confused to move!
Unknown command.
Unknown command.
You're too confused to move!
The jelly hits you.
* * * LOW HITPOINT WARNING * * *
You are splashed with acid!
The acid burns!
* * * LOW HITPOINT WARNING * * *
Unknown command.
Unknown command.
Unknown command.
You bump into the rock wall.
The jelly hits you.
* * * LOW HITPOINT WARNING * * *
You are splashed with acid!
The acid burns!
You die...

#...##'## ### #......# ..#
#.....## ..# #.....# ..#
#.....#
..########.....############..
..)...)......[...............
.####################....##.
## #######.@.........# .#
.......J###...##....# .#
##..##..#....## ...# .# #
#..#.....# ... .# .s#####...#
## .# #.. .#... .# ..##
.###... .# #.. ...z #. .# .s#
..... #.


You could see a scorpion and a jelly.

Vanquished Creatures
  An ogre (D:6)
  2 scorpions
  A crimson imp (D:5)
  A hound (D:5)
  A giant frog skeleton (D:5)
  Jessica (D:3)
  2 centaur skeletons
  A worker ant (D:6)
  A hound skeleton (D:6)
  A worker ant zombie (D:6)
  4 adders
  3 oozes
  A giant gecko (D:2)
  6 orcs
  2 bats (D:3)
  3 giant cockroaches
  A hobgoblin (D:2)
  4 jackals (D:2)
  A kobold (D:2)
  A quokka (D:3)
  11 goblins
  A rat (D:2)
  A butterfly (D:4)
51 creatures vanquished.

Notes
Turn   | Place    | Note
--------------------------------------------------------------
     0 | D:1      | 4thArraOfDagon the Naga Assassin began the quest for the Orb.
     0 | D:1      | Reached XP level 1. HP: 19/19 MP: 1/1
   114 | D:2      | Found a basalt altar of Yredelemnul.
   124 | D:2      | Reached skill level 1 in Dodging
   151 | D:2      | Reached XP level 2. HP: 25/27 MP: 2/2
   168 | D:2      | Found an oddly glowing altar of Pakellas.
   171 | D:2      | Became a worshipper of Pakellas the Inventive
   323 | D:2      | Found an iron altar of Okawaru.
   436 | D:3      | Reached XP level 3. HP: 30/33 MP: 3/3
   440 | D:3      | Found a deep blue altar of Sif Muna.
   529 | D:3      | Reached skill level 1 in Evocations
   614 | D:3      | Noticed Jessica
   623 | D:3      | Killed Jessica
   623 | D:3      | Reached XP level 4. HP: 38/42 MP: 4/4
   642 | D:3      | Identified Jessica's Tome of Boosts
   712 | D:3      | Reached * piety under Pakellas
   760 | D:4      | Reached XP level 5. HP: 47/49 MP: 4/6
   770 | D:4      | Found a staircase to the Ecumenical Temple.
   974 | D:5      | Entered Level 5 of the Dungeon
  1113 | D:5      | Reached XP level 6. HP: 22/57 MP: 6/8
  1301 | D:6      | Found Huquff Hopn's Armour Emporium.
  1308 | D:6      | Found Mielunig's Antique Armour Shoppe.
  1390 | D:6      | Found Otwukhav's Assorted Antiques.
  1393 | D:6      | Bought 2 red potions for 41 gold pieces
  1393 | D:6      | Bought a grey potion for 20 gold pieces
  1483 | D:5      | Found an ancient bone altar of Kikubaaqudgha.
  1603 | D:6      | Reached XP level 7. HP: 28/66 MP: 9/9
  1691 | D:6      | wtf
  1698 | D:6      | Splashed by a jelly's acid

Vault maps used:
D:1:      dpeg_arrival_castle
D:2:      okawaru_trees_2, grunt_pakellas_mercury,
          nicolae_overflow_hidden_temple, serial_bayou_pond_d,
          trog_three_pillars_becter, uniq_sigmund
D:3:      lemuel_round_altar, kennysheep_jessica_study
D:4:      minmay_temple_entry_grid, first_bread, minmay_stone_trees_medium,
          hangedman_glass_garden
D:5:      grunt_dithmenos_smoke, overflow_temple_1_default
D:6:      wad_guarded_room, serial_shops, shop, shop_statue, shop,
          nicolae_shop_statue_plus, shop, minmay_ogre_servants

Action                   |  1- 3 |  4- 6 |  7- 9 || total
-------------------------+-------+-------+-------++-------
Melee: Dagger            |    33 |   140 |    30 ||   203
       Flail             |    18 |     7 |       ||    25
 Fire: Blowgun           |     1 |     6 |       ||     7
 Abil: Spit Poison       |    14 |    16 |     1 ||    31
Evoke: Wand              |       |       |     1 ||     1
  Use: Scroll            |     1 |     3 |       ||     4
       Potion            |       |       |     1 ||     1
 Stab: Sleeping          |     4 |     6 |       ||    10
  Eat: Chunk             |       |     3 |     1 ||     4
